 Dungeon Crawl Stone Soup version 0.17-a0-2127-g1cb09f6 (webtiles) character file.

266 Maka the Insei (level 6, -2/47 HPs)
             Began as a Draconian Transmuter on Oct 22, 2015.
             Slain by an adder (4 damage)
             ... on level 4 of the Dungeon.
             The game lasted 00:06:01 (3180 turns).

Maka the Insei (Draconian Transmuter)               Turns: 3180, Time: 00:06:01

Health: -2/47      AC:  6    Str: 14    XL:     6   Next: 0%
Magic:  8/9        EV: 13    Int: 13    God:
Gold:   155        SH:  0    Dex: 14    Spells: 2 memorised, 6 levels left

rFire  . . .     SeeInvis .       - Unarmed
rCold  . . .     Clarity  .     (armour unavailable)
rNeg   . . .     SustAt   .     (no shield)
rPois  .         Gourm    .     (helmet restricted)
rElec  .         Spirit   .     (no cloak)
rCorr  .         Warding  .     (no gloves)
rMut   .         Stasis   .     (no boots)
MR     .....                    (no amulet)
Stlth  +.........               (no ring)
                                t - +2 ring of strength

@: appendage (expiring), not resistant to hostile enchantments, very unstealthy
A: unfitting armour, horns 2, cold-blooded, AC +6
a: End Transformation


You were on level 4 of the Dungeon.
You were not hungry.
You had grown temporary horns.
You visited 1 branch of the dungeon, and saw 4 of its levels.

You collected 155 gold pieces.

Inventory:

Missiles
 a - 45 arrows
Jewellery
 p - an uncursed amulet of faith
 t - a +2 ring of strength (left hand)
Scrolls
 e - 2 scrolls of remove curse
 i - a scroll of fog
 l - a scroll of teleportation
 v - a scroll of enchant armour {unknown}
 y - a scroll of immolation {unknown}
Potions
 d - a potion of might
 j - a potion of invisibility
 k - a potion of heal wounds
 m - a potion of mutation {unknown}
 n - a potion of curing {unknown}
 o - a potion of cancellation {unknown}
 q - a potion of resistance {unknown}
 r - a potion of brilliance {unknown}
 s - a potion of poison {unknown}
 u - a potion of degeneration {unknown}
Books
 b - a book of Changes

   Spells                             Type                      Level
   a - Beastly Appendage              Transmutation                1
   b - Sticks to Snakes               Transmutation                2
   c - Spider Form                    Transmutation/Poison         3
   d - Ice Form                       Ice/Transmutation            4
   e - Blade Hands                    Transmutation                5
Comestibles
 c - 2 bread rations
 w - a chunk of flesh
 x - a meat ration


   Skills:
 - Level 1.1 Fighting
 + Level 3.1 Dodging
 - Level 6.1 Unarmed Combat
 - Level 2.0 Spellcasting
 - Level 2.0 Transmutations


You had 6 spell levels left.
You knew the following spells:

 Your Spells              Type           Power        Failure   Level  Hunger
a - Beastly Appendage     Trmt           #.....       12%         1    ##.....
b - Sticks to Snakes      Trmt           #.........   17%         2    ###....


Dungeon Overview and Level Annotations

Branches:
Dungeon (4/15)
 Temple: D:4-7

Altars:
Ashenzari
Nemelex Xobeh


Innate Abilities, Weirdness & Mutations

Your plain brown scales are hard (AC +6).
Your body does not fit into most forms of armour.
You are cold-blooded and may be slowed by cold attacks.
You have a pair of horns on your head.


Message History

The orc hits you but does no damage. x2
The orc closely misses you.
You barely miss the worker ant.
Your tail-slap misses the worker ant.
The worker ant is almost dead.
Your transformation is almost over.
The adder bites you.
* * * LOW HITPOINT WARNING * * *
The worker ant barely misses you. The orc hits you but does no damage.
The orc closely misses you.
You barely miss the worker ant.
You headbutt the worker ant, but do no damage.
Your punch misses the worker ant.
The worker ant is almost dead.
The adder bites you.
* * * LOW HITPOINT WARNING * * *
The worker ant completely misses you.
The orc hits you from afar with a trident!
* * * LOW HITPOINT WARNING * * *
The orc barely misses you. The adder bites you.
You die...

.......
.........
##..........##
.............#
...........?#
#..........#
#........So#
#.......oo@#
#......oa##
#......##
########


You could see a worker ant, an adder and 4 orcs.

Vanquished Creatures
  A scorpion (D:4)
  An orc priest (D:3)
  Natasha (thrice) (D:2)
  Robin (D:2)
  4 adders
  3 worms
  5 orcs (D:3)
  8 bats
  5 giant cockroaches
  13 hobgoblins
  3 jackals (D:3)
  5 kobolds
  3 quokkas (D:2)
  3 ball pythons
  3 giant geckos
  3 giant newts
  14 goblins
  10 rats
88 creatures vanquished.

Notes
Turn   | Place    | Note
--------------------------------------------------------------
     0 | D:1      | Maka the Draconian Transmuter began the quest for the Orb.
     0 | D:1      | Reached XP level 1. HP: 16/16 MP: 3/3
   538 | D:1      | Reached XP level 2. HP: 18/23 MP: 3/5
   884 | D:2      | Noticed Natasha
   893 | D:2      | Killed Natasha
   893 | D:2      | Reached skill level 4 in Unarmed Combat
   893 | D:2      | Reached XP level 3. HP: 24/28 MP: 4/6
   898 | D:2      | Found a shattered altar of Ashenzari.
   965 | D:2      | Noticed Natasha
   966 | D:2      | Learned a level 2 spell: Sticks to Snakes
   971 | D:2      | Killed Natasha
   998 | D:2      | Noticed Natasha
  1003 | D:2      | Killed Natasha
  1118 | D:2      | Reached XP level 4. HP: 26/35 MP: 7/7
  1399 | D:2      | Reached skill level 5 in Unarmed Combat
  2002 | D:3      | Found a sparkling altar of Nemelex Xobeh.
  2071 | D:3      | Noticed Robin
  2254 | D:2      | Killed Robin
  2254 | D:2      | Reached XP level 5. HP: 34/40 MP: 8/8
  2415 | D:3      | Reached skill level 6 in Unarmed Combat
  3157 | D:4      | Reached XP level 6. HP: 43/47 MP: 9/9
  3180 | D:4      | HP: 2/47 [orc/trident (7)]
  3180 | D:4      | Slain by an adder

Vault maps used:
D:1:      dpeg_arrival_circle_labyrinth_c
D:2:      ashenzari_altar_1, uniq_natasha
D:3:      kennysheep_six_static_rooms, nemelex_xobeh_ov_fountains_minmay,
          uniq_robin
D:4:      first_bread, uniq_eustachio

Action                   |  1- 3 |  4- 6 || total
-------------------------+-------+-------++-------
Melee: Unarmed           |    85 |   185 ||   270
 Cast: Beastly Appendage |     4 |     7 ||    11
  Use: Scroll            |       |     8 ||     8
 Stab: Sleeping          |     2 |     1 ||     3
  Eat: Chunk             |     1 |     7 ||     8
